 Dungeon Crawl Stone Soup version bcrawl-1.19-7-g22fd707d3b (webtiles) character file.

Game seed: 18389162332214094440

81 Freyura the Chopper (level 4, -4/34 HPs)
             Began as a Demonspawn Gladiator on Nov 16, 2019.
             Engulfed by a steam dragon's steam (5 damage)
             ... on level 3 of the Dungeon.
             The game lasted 00:05:07 (2094 turns).

Freyura the Chopper (Demonspawn Gladiator)          Turns: 2094, Time: 00:05:08

Health: -4/34      AC: 11    Str: 14    XL:     4   Next: 19%
Magic:  4/4        EV: 12    Int: 10    God:
Gold:   193        SH:  0    Dex: 15    Spells: 3/3 levels left

rFire    . . .     SeeInvis .   a - +0 war axe
rCold    . . .     Gourm    .   (no shield)
rNeg     . . .     Faith    .   n - +0 scale mail
rPois    .         Spirit   .   c - +0 helmet
rElec    .         Reflect  .   (no cloak)
rCorr    .         Harm     .   r - +1 pair of gloves
MR       .....                  (no boots)
Stlth    ..........             (no amulet)
HPRegen  0.11/turn              p - +2 ring of protection
MPRegen  0.09/turn              (no ring)

@: no status effects
A: repulsion field 1
a: no special abilities


You were on level 3 of the Dungeon.
You were not hungry.

You visited 1 branch of the dungeon, and saw 3 of its levels.

You collected 193 gold pieces.

Inventory:

Hand Weapons
 a - a +0 war axe (weapon)
Missiles
 d - 3 throwing nets (quivered) {!f}
Armour
 c - a +0 helmet (worn)
 n - a +0 scale mail (worn)
 r - a +1 pair of gloves (worn)
Jewellery
 p - a +2 ring of protection (left hand)
Scrolls
 e - 2 scrolls of remove curse {unknown}
 g - a scroll of fear {unknown}
 h - a scroll of amnesia {unknown}
 i - a scroll of identify {unknown}
 m - a scroll of immolation {unknown}
Potions
 b - a potion of might {unknown}
 j - a potion of lignification {unknown}
 k - 2 potions of curing
 l - a potion of heal wounds {unknown}
 q - a potion of invisibility {unknown}
Comestibles
 f - 2 rations {!d}


   Skills:
 + Level 2.6 Fighting
 * Level 3.5 Axes
 - Level 1.7 Throwing
 + Level 1.3 Armour
 + Level 3.1 Dodging


You had 3 spell levels left.
You didn't know any spells.
Your spell library was empty.

Dungeon Overview and Level Annotations

Branches:
Dungeon (3/12)

Altars:


Innate Abilities, Weirdness & Mutations

You are surrounded by a mild repulsion field. (EV +2)


Message History

The stone barely misses the kobold.
The kobold hits you but does no damage.
The steam dragon bites you but does no damage.
The steam dragon barely misses you. The kobold hits you but does no damage.
The steam dragon breathes steam at you. The ball of steam hits you!
* * * LOW HITPOINT WARNING * * *
The steam dragon barely misses you. x2
You hit the steam dragon but do no damage.
You hit the kobold. The steam dragon breathes steam at you.
The ball of steam misses you. The kobold hits you but does no damage.
The steam dragon bites you but does no damage.
The steam dragon claws you but does no damage.
The kobold closely misses you.
You slash the steam dragon!
The steam dragon is moderately wounded.
You barely miss the kobold.
You are engulfed in a cloud of scalding steam.
You die...

#.#..#..#..
...
.$.....#.##..#
..#<....#.#..#
....#.#...#
#####§§....#
.^.....§.###
....#.§§...##
....#.§§.K..##
.....§§@D...#
####.§§...#..#
#.....)K...#
###....###..#
#.##.# .# #.#
.# . #. .# ##
##


You could see a steam dragon and 2 kobolds.

Vanquished Creatures
  An adder (D:2)
  2 worms (D:2)
  2 dart slugs
  A leopard gecko (D:2)
  6 giant cockroaches
  5 goblins
  10 hobgoblins
  6 jackals
  A quokka (D:2)
  4 bats
  3 frilled lizards
  4 kobolds
  3 rats
48 creatures vanquished.

Vanquished Creatures (others)
  An adder (D:3)
  A hobgoblin (D:3)
  A jackal (D:3)
3 creatures vanquished.

Grand Total: 51 creatures vanquished

Notes
Turn   | Place    | Note
-------+----------+-------------------------------------------
     0 | D:1      | Freyura the Demonspawn Gladiator began the quest for the
                  | Orb.
     0 | D:1      | Reached XP level 1. HP: 16/16 MP: 1/1
   184 | D:1      | Gained mutation: You are surrounded by a mild repulsion
                  | field. (EV +2) [demonic ancestry]
   184 | D:1      | Reached XP level 2. HP: 22/22 MP: 2/2
  1146 | D:2      | Reached XP level 3. HP: 13/28 MP: 3/3
  1310 | D:2      | Reached skill level 1 in Armour
  1628 | D:2      | Reached XP level 4. HP: 31/34 MP: 4/4
  1841 | D:3      | Noticed a steam dragon
  2091 | D:3      | HP: 1/34 [steam dragon/ball of steam (8)]
  2094 | D:3      | Engulfed by a steam dragon's steam

Skill      XL: |  1  2  3 |
---------------+----------+-----
Axes           | 3 |  3.5
Dodging        | 3 |  3.1
Armour         | 1 |  1.3
Fighting       | |  2.6
Throwing       | |  1.7

Action                   |  1- 3 |  4- 6 || total
-------------------------+-------+-------++-------
Melee: War axe           |   112 |    26 ||   138
  Eat: Chunk             |     3 |     1 ||     4
Armor: Leather armour    |    11 |       ||    11
       Scale mail        |    35 |    31 ||    66
       Ring mail         |     3 |       ||     3
Dodge: Dodged            |    93 |    48 ||   141
